 Dungeon Crawl Stone Soup version 0.28-a0-1312-g71652a0310 (webtiles) character file.

Game seed: 17281923593792377738

1355 ZeroWinrate the Slicer (level 8, -1/61 HPs)
             Began as a Gnoll Wanderer on Dec 20, 2021.
             Killed from afar by Dowan (12 damage)
             ... with a stone arrow
             ... on level 4 of the Dungeon on Dec 27, 2021.
             The game lasted 00:20:40 (7840 turns).

ZeroWinrate the Slicer (Gnoll Wanderer)             Turns: 7840, Time: 00:20:42

Health: -1/61      AC:  9    Str: 11    XL:     8   Next: 63%
Magic:  9/14       EV: 11    Int: 12    God:
Gold:   146        SH:  0    Dex: 14    Spells: 8/16 levels left

rFire   . . .      SeeInvis .   b - +2 whip (elec)
rCold   . . .      Faith    .   (no shield)
rNeg    . . .      Spirit   .   i - +4 ring mail
rPois   .          Reflect  .   (no helmet)
rElec   .          Harm     .   (no cloak)
rCorr   .          Rampage  .   (no gloves)
Will    .....                   (no boots)
Stlth   ++........              (no amulet)
HPRegen 0.20/turn               (no ring)
MPRegen 0.14/turn               (no ring)

@: very slightly contaminated, slowed, very slow
A: fangs 1, strong nose, distributed training
a: no special abilities


You were on level 4 of the Dungeon.
You visited 1 branch of the dungeon, and saw 5 of its levels.

You collected 146 gold pieces.

Inventory:

Hand Weapons
 a - a +2 short sword
 b - a +2 whip of electrocution (weapon)
 e - a +1 shortbow of flaming
 j - a +1 vorpal mace
Missiles
 n - 132 arrows
Armour
 i - a +4 ring mail (worn)
Scrolls
 c - a scroll of acquirement
 g - a scroll of magic mapping
 o - a scroll of identify
Potions
 f - a potion of magic {unknown}
 h - a potion of ambrosia {unknown}
 l - 2 potions of mutation {unknown}
 m - a potion of resistance {unknown}
 p - a potion of attraction {unknown}


   Skills:
 + Level 4.3 Fighting
 + Level 9.2 Short Blades
 + Level 3.4 Long Blades
 + Level 3.4 Axes
 + Level 3.4 Maces & Flails
 + Level 3.4 Polearms
 + Level 3.4 Staves
 + Level 3.4 Slings
 + Level 3.4 Bows
 + Level 3.4 Crossbows
 + Level 3.4 Throwing
 + Level 4.3 Armour
 + Level 3.4 Dodging
 + Level 3.4 Stealth
 + Level 3.4 Shields
 + Level 3.4 Unarmed Combat
 + Level 4.5 Spellcasting
 + Level 2.8 Conjurations
 + Level 2.8 Hexes
 + Level 2.8 Summonings
 + Level 2.8 Necromancy
 + Level 2.8 Translocations
 + Level 2.8 Transmutations
 + Level 6.2 Fire Magic
 + Level 2.8 Ice Magic
 + Level 2.8 Air Magic
 + Level 2.8 Earth Magic
 + Level 2.8 Poison Magic
 + Level 3.8 Invocations
 + Level 3.4 Evocations


You had 8 spell levels left.
You knew the following spells:

 Your Spells              Type           Power      Damage    Failure   Level
a - Foxfire               Conj/Fire      52%        2x1d6     8%          1
b - Inner Flame           Hex/Fire       13%        N/A       22%         3
c - Slow                  Hex            36%        N/A       14%         1
d - Confusing Touch       Hex            9%         N/A       41%         3

Your spell library contained the following spells:

 Spells                   Type           Power      Damage    Failure   Level
 Apportation              Tloc           18%        N/A       14%         1
 Vampiric Draining        Necr           9%         2d6       41%         3
 Alistair's Intoxication  Tmut/Pois      6%         N/A       99%         5


Dungeon Overview and Level Annotations

Branches:
Dungeon (5/15)
 Temple: D:4-7

Altars:
Okawaru

Annotations:
D:4 Dowan, Sigmund


Innate Abilities, Weirdness & Mutations

You have very sharp teeth.
Your uncanny sense of smell can sniff out nearby items.
Your experience applies equally to all skills.


Message History

The fiery explosion engulfs the goblin!!
You kill the goblin!
Unknown command.
Unknown command.
Unknown command.
Casting: Foxfire (safe; 8% risk of failure)
Confirm with . or Enter, or press ? or * to list all spells.
Aiming: Inner Flame (dangerous; 22% risk of failure)
Press: ? - help, Dir - move target, f - Dowan
Aim: Dowan, wielding a +0 dagger and wearing a +0 robe (fast, chance to affect: 66%)
You miscast Inner Flame.
You are very lightly contaminated with residual magic.
You feel a bit tired.
You feel yourself slow down.
This is a scroll of acquirement!
Something appears at your feet!
Dowan points at you and mumbles some strange words.
The shard of ice hits you!
* * * LOW HITPOINT WARNING * * *
Dowan hits you but does no damage. x2
Unknown command.
Unknown command.
You feel better. Dowan gestures at you while chanting.
The stone arrow misses you. Dowan hits you but does no damage.
You feel better. Dowan hits you but does no damage.
Dowan points at you and mumbles some strange words.
The stone arrow hits you!
Okay, then.
As you read the scroll labelled ZUNAOCZ DAVITIJO, it crumbles to dust.
You hear a loud clanging noise!
It was a scroll of noise.
Dowan hits you with a +0 dagger.
* * * LOW HITPOINT WARNING * * *
Dowan closely misses you.
As you read the scroll labelled WICLOSKETREV, it crumbles to dust.
Your body is wracked with pain!
* * * LOW HITPOINT WARNING * * *
Dowan convulses!
It was a scroll of torment.
Dowan gestures at you while chanting. The stone arrow hits you!
You die...

....# .#.... ###.# ∆
.... #.# ∆ .... #.#
... #.# ..#+# #.#
#.####.#.# #.#
#........#
#.#################)#
#.............@e..#)#
#################..§#
#####


You could see Dowan (fast).

Vanquished Creatures
  Duvessa (D:4)
  An orc warrior (D:5)
  A black bear (D:5)
  2 centaurs (D:5)
  2 scorpions
  6 killer bees (D:5)
  A bullfrog zombie (D:5)
  A hound (D:5)
  An orc priest (D:5)
  A gnoll shaman (D:4)
  Jessica (D:2)
  3 iguanas
  An orc wizard (D:5)
  Terence (D:3)
  A killer bee zombie (D:5)
  7 gnolls
  7 adders
  An ufetubus (D:5)
  3 worms
  4 dart slugs
  7 orcs
  6 ball pythons
  7 endoplasms
  A giant cockroach (D:2)
  10 goblins
  7 hobgoblins
  3 quokkas
  9 bats
  7 kobolds
  9 rats
112 creatures vanquished.

Vanquished Creatures (others)
  204 foxfires
204 creatures vanquished.

Grand Total: 316 creatures vanquished

Notes
Turn   | Place    | Note
-------+----------+-------------------------------------------
     0 | D:1      | ZeroWinrate the Gnoll Wanderer began the quest for the Orb.
     0 | D:1      | ZeroWinrate set off with the following items: a +2 short
                  | sword, a +0 ring mail; and the following spell memorised:
                  | Foxfire; and the following spells available to memorise:
                  | Inner Flame
     0 | D:1      | Reached XP level 1. HP: 17/17 MP: 4/4
   166 | D:1      | Reached XP level 2. HP: 23/23 MP: 0/5
  1221 | D:2      | Reached XP level 3. HP: 28/28 MP: 5/7
  1501 | D:2      | Learned a level 3 spell: Inner Flame
  1811 | D:2      | Reached skill level 1 in Invocations
  2059 | D:2      | Reached skill level 1 in Long Blades
  2059 | D:2      | Reached skill level 1 in Axes
  2059 | D:2      | Reached skill level 1 in Maces & Flails
  2059 | D:2      | Reached skill level 1 in Polearms
  2059 | D:2      | Reached skill level 1 in Staves
  2059 | D:2      | Reached skill level 1 in Slings
  2059 | D:2      | Reached skill level 1 in Bows
  2059 | D:2      | Reached skill level 1 in Crossbows
  2059 | D:2      | Reached skill level 1 in Throwing
  2059 | D:2      | Reached skill level 1 in Dodging
  2059 | D:2      | Reached skill level 1 in Stealth
  2059 | D:2      | Reached skill level 1 in Shields
  2059 | D:2      | Reached skill level 1 in Unarmed Combat
  2059 | D:2      | Reached skill level 1 in Evocations
  2241 | D:2      | Reached XP level 4. HP: 34/34 MP: 3/8
  2512 | D:2      | Noticed Jessica
  2532 | D:2      | Killed Jessica
  2533 | D:2      | Reached skill level 1 in Conjurations
  2533 | D:2      | Reached skill level 1 in Hexes
  2533 | D:2      | Reached skill level 1 in Summonings
  2533 | D:2      | Reached skill level 1 in Necromancy
  2533 | D:2      | Reached skill level 1 in Translocations
  2533 | D:2      | Reached skill level 1 in Transmutations
  2533 | D:2      | Reached skill level 1 in Ice Magic
  2533 | D:2      | Reached skill level 1 in Air Magic
  2533 | D:2      | Reached skill level 1 in Earth Magic
  2533 | D:2      | Reached skill level 1 in Poison Magic
  2803 | D:2      | Found a faded altar of an unknown god.
  3165 | D:3      | Noticed Terence
  3172 | D:3      | Killed Terence
  3173 | D:3      | Reached XP level 5. HP: 40/40 MP: 7/9
  3204 | D:3      | Noticed an ogre
  3315 | D:3      | Found an iron altar of Okawaru.
  3388 | D:3      | Learned a level 1 spell: Slow
  3695 | D:3      | Upgraded the game from 0.28-a0-1206-g193881aaa2 to
                  | 0.28-a0-1312-g71652a0310
  3995 | D:3      | Learned a level 3 spell: Confusing Touch
  5247 | D:4      | Noticed an ogre
  5464 | D:5      | Entered Level 5 of the Dungeon
  5603 | D:5      | Reached XP level 6. HP: 44/47 MP: 9/11
  5925 | D:5      | Reached XP level 7. HP: 36/52 MP: 12/12
  6231 | D:5      | Reached skill level 9 in Short Blades
  6515 | D:5      | Reached XP level 8. HP: 54/60 MP: 11/14
  7360 | D:4      | Noticed Sigmund
  7818 | D:4      | Noticed Duvessa
  7821 | D:4      | Noticed Dowan
  7830 | D:4      | Killed Duvessa
  7836 | D:4      | Identified 2 scrolls of acquirement
  7836 | D:4      | Acquired the -2 hat of the Alchemist {rElec rPois rF+ rC+
                  | rN+ Will+ rMut rCorr}
  7836 | D:4      | Found the -2 hat of the Alchemist {rElec rPois rF+ rC+ rN+
                  | Will+ rMut rCorr}
  7840 | D:4      | Killed from afar by Dowan

Illustrated notes

Levels and vault maps discovered:
D:1:      lightli_arrival_statue_moat, layout_loops_cross, serial_bayou_ford_a
D:2:      layout_basic, basic_ecumenical_altar, uniq_jessica
D:3:      layout_basic, okawaru_trees_2, uniq_terence
D:4:      layout_basic, uniq_duvessa, uniq_sigmund
D:5:      layout_loops_cross, chequers_decorated_corner, guppyfry_early_orc_mine

Skill      XL: |  1  2  3  4  5  6  7  8 |
---------------+-------------------------+-----
Invocations    | 1 2 3 |  3.8
Long Blades    | 1 2 3 |  3.4
Axes           | 1 2 3 |  3.4
Maces & Flails | 1 2 3 |  3.4
Polearms       | 1 2 3 |  3.4
Staves         | 1 2 3 |  3.4
Slings         | 1 2 3 |  3.4
Bows           | 1 2 3 |  3.4
Crossbows      | 1 2 3 |  3.4
Throwing       | 1 2 3 |  3.4
Dodging        | 1 2 3 |  3.4
Stealth        | 1 2 3 |  3.4
Shields        | 1 2 3 |  3.4
Unarmed Combat | 1 2 3 |  3.4
Evocations     | 1 2 3 |  3.4
Spellcasting   | 3 4 |  4.5
Conjurations   | 1 2 |  2.8
Hexes          | 1 2 |  2.8
Summonings     | 1 2 |  2.8
Necromancy     | 1 2 |  2.8
Translocations | 1 2 |  2.8
Transmutations | 1 2 |  2.8
Ice Magic      | 1 2 |  2.8
Air Magic      | 1 2 |  2.8
Earth Magic    | 1 2 |  2.8
Poison Magic   | 1 2 |  2.8
Fighting       | 3 4 |  4.3
Armour         | 3 4 |  4.3
Short Blades   | 9 |  9.2
Fire Magic     | 6 |  6.2

Action                   |  1- 3 |  4- 6 |  7- 9 || total
-------------------------+-------+-------+-------++-------
Melee: Short sword       |    17 |    24 |       ||    41
       Bite              |       |     6 |     4 ||    10
       Whip              |       |    48 |    73 ||   121
       Mace              |       |    38 |       ||    38
       Shortbow          |       |       |     1 ||     1
 Fire: Shortbow          |       |       |    20 ||    20
 Cast: Foxfire           |    77 |    38 |    28 ||   143
       Slow              |       |     9 |     1 ||    10
       Inner Flame       |       |     4 |    11 ||    15
       Confusing Touch   |       |     1 |       ||     1
  Use: Scroll            |       |     8 |     5 ||    13
       Potion            |       |     1 |     4 ||     5
 Stab: Sleeping          |       |     1 |       ||     1
Armor: Ring mail         |    31 |    77 |    70 ||   178
Dodge: Dodged            |    39 |    96 |    76 ||   211

Table legend: (Time is in decaauts)
 A = Elapsed time spent in this place.
 B = Non-inter-level travel time spent in this place.
 C = Inter-level travel time spent in this place.
 D = Time resting spent in this place.
 E = Time spent auto-exploring this place.
 F = Levels seen in this place.
 G = Mean time per level.
                   A        B        C        D        E       F      G
               +--------+--------+--------+--------+--------+-----+--------+
         Total |   7856 |   7412 |    444 |   2189 |   3248 |   5 | 1571.2 |
       Dungeon |   7856 |   7412 |    444 |   2189 |   3248 |   5 | 1571.2 |
               +--------+--------+--------+--------+--------+-----+--------+

Top non-repeatable levels by time:
     D:2: 1961 daAuts
     D:4: 1597 daAuts
     D:5: 1468 daAuts
     D:3: 1455 daAuts
     D:1: 1372 daAuts
